 Dungeon Crawl Stone Soup version 0.30-a0-583-g19bae12e61 (webtiles) character file.

Game seed: 9215124548955686566

32 Citaku the Twirler (level 3, -2/37 HPs)
             Began as a Demonspawn Wanderer on Jan 1, 2023.
             Succumbed to a kobold's poison
             ... on level 2 of the Dungeon.
             The game lasted 00:07:34 (1140 turns).

Citaku the Twirler (Demonspawn Wanderer)            Turns: 1140, Time: 00:07:34

Health: -2/37      AC: 21    Str: 12    XL:     3   Next: 10%
Magic:  3/3        EV:  2    Int: 10    God:
Gold:   38         SH:  0    Dex: 17    Spells: 2/2 levels left

rFire   . . .      SeeInvis .    i - +0 war axe
rCold   . . .      Faith    .    (no shield)
rNeg    . . .      Spirit   .    (body armour currently unavailable)
rPois   +          Reflect  .    (helmet currently unavailable)
rElec   .          Harm     .    (cloak currently unavailable)
rCorr   .          Rampage  .    (gloves currently unavailable)
Will    .....      NoTele   +    (boots currently unavailable)
Stlth   ++                       (no amulet)
HPRegen 0.26/turn                (no ring)
MPRegen 0.08/turn                (no ring)

@: lethally poisoned (-2 -> -15), tree-form
A: stationary, stasis, torment immunity, boosted hp, (icy blue scales 1),
demonic magic 1
a: no special abilities


You were on level 2 of the Dungeon.
You were a tree.
You visited 1 branch of the dungeon, and saw 2 of its levels.

You collected 38 gold pieces.

Inventory:

Hand Weapons
 a - a +2 quarterstaff
 b - a +0 hand axe
 i - a +0 war axe (weapon)
 o - a +0 morningstar
Armour
 c - a +0 pair of gloves (melded)
 e - a +0 leather armour
 l - a +0 scale mail (melded)
Scrolls
 d - a scroll of summoning
 g - a scroll of noise
 h - 2 scrolls of teleportation


   Skills:
 + Level 0.5 Fighting
 + Level 2.0 Axes
 + Level 5.0 Staves
 + Level 1.0 Throwing
 + Level 0.5 Armour
 + Level 0.1 Dodging
 + Level 1.7 Stealth


You had 2 spell levels left.
You didn't know any spells.
Your spell library was empty.

Dungeon Overview and Level Annotations

Branches:
Dungeon (1/15)

Altars:


Innate Abilities, Weirdness & Mutations

You are a tree.
Your roots penetrate the ground, keeping you stationary.
You cannot be teleported.
You are immune to unholy pain and torment.
Your maximum health is greatly increased.
Your equipment is partially melded.
((You are partially covered in icy blue scales. (AC +2)))
Spells you cast may paralyse adjacent enemies.


Message History

The stone hits you but does no damage.
You recover from your berserk rage.
A gnoll comes into view. It is wielding a +2 flail of draining.
The gnoll hits you but does no damage.
The gnoll shouts!
You hit the gnoll.
The gnoll is heavily wounded.
You barely miss the rat. You closely miss the kobold.
The gnoll hits you from afar with a +0 spear.
The gnoll hits you with a +0 spear. The kobold barely misses you.
The rat bites you but does no damage. The kobold barely misses you.
The rat bites you but does no damage. The gnoll hits you with a +0 spear.
The gnoll hits you from afar with a +0 spear.
The kobold attacks as you move away!
The kobold hits you with a +2 whip of venom.
You are poisoned.
You feel sick. The rat barely misses you.
The gnoll hits you from afar with a +0 spear.
The kobold attacks as you move away! The kobold hits you but does no damage.
You are lethally poisoned!
You feel very sick.
The kobold throws a stone.
The stone hits you but does no damage. The rat bites you.
* * * LOW HITPOINT WARNING * * *
Really quaff the potion of lignification?
You turn into a tree.
Your +0 pair of gloves melds into your body.
Your +0 scale mail melds into your body.
Your roots penetrate the ground.
* * * LOW HITPOINT WARNING * * *
You feel sick. The rat bites you but does no damage.
You closely miss the kobold. You slash the rat!
You kill the rat!
* * * LOW HITPOINT WARNING * * *
You feel very sick.
The kobold hits you with a +2 whip of venom.
* * * LOW HITPOINT WARNING * * *
You are more poisoned.
You miss the kobold. You hit the ball python.
You die...

#...##.#....##
#....#.#.....#
#..#.........#
#..†..#......#
#..##.##....g##
#...........g.# ..
#...........#g###....
#.(.....#####KS.....#
######### #♣#.#####
#.#.# #.# . #.# #.
#.# .. #.# .. ..# .##


You could see 3 gnolls, a ball python and a kobold.

Vanquished Creatures
  2 dart slugs
  An orc (D:2)
  3 ball pythons (D:1)
  2 endoplasms
  3 giant cockroaches
  3 hobgoblins (D:1)
  5 bats (D:1)
  7 rats
26 creatures vanquished.

Vanquished Creatures (others)
  A plant (D:2)
1 creature vanquished.

Grand Total: 27 creatures vanquished

Notes
Turn   | Place    | Note
-------+----------+-------------------------------------------
     0 | D:1      | Citaku the Demonspawn Wanderer began the quest for the Orb.
     0 | D:1      | Citaku set off with the following items: a +2 quarterstaff,
                  | a +0 hand axe, a +0 pair of gloves, a scroll of summoning,
                  | a +0 leather armour.
     0 | D:1      | Reached XP level 1. HP: 13/13 MP: 1/1
   327 | D:1      | Gained mutation: You are partially covered in icy blue
                  | scales. (AC +2) [demonic ancestry]
   327 | D:1      | Reached XP level 2. HP: 19/19 MP: 2/2
   418 | D:1      | Reached skill level 5 in Staves
  1000 | D:1      | You fall into a shaft and drop 1 floor!
  1021 | D:2      | Gained mutation: Spells you cast may paralyse adjacent
                  | enemies. [demonic ancestry]
  1021 | D:2      | Reached XP level 3. HP: 17/25 MP: 3/3
  1140 | D:2      | Succumbed to a kobold's poison

Illustrated notes

Levels and vault maps discovered:
D:1:      nicolae_arrival_memento_mori, layout_basic
D:2:      layout_basic, basic_altar, corexii_shack, minmay_misc_feat_square,
          minmay_crystal_water, minmay_hexomino_c4, uniq_jessica

Skill      XL: |  1  2  3 |
---------------+----------+-----
Staves         | 5 |  5.0
Axes           | 2 |  2.0
Fighting       | |  0.5
Throwing       | |  1.0
Armour         | |  0.5
Dodging        | |  0.1
Stealth        | |  1.7

Action                   || total
-------------------------++-------
Melee: Quarterstaff      ||    12
       War axe           ||    51
  Use: Scroll            ||     3
       Potion            ||     5
 Stab: Sleeping          ||     1
Armor: Leather armour    ||    48
       Scale mail        ||    11
       Skin              ||     1
Dodge: Dodged            ||    48

Table legend: (Time is in decaauts)
 A = Elapsed time spent in this place.
 B = Non-inter-level travel time spent in this place.
 C = Inter-level travel time spent in this place.
 D = Time resting spent in this place.
 E = Time spent auto-exploring this place.
 F = Levels seen in this place.
 G = Mean time per level.
                   A        B        C        D        E       F      G
               +--------+--------+--------+--------+--------+-----+--------+
         Total |   1177 |   1177 |      0 |     61 |     25 |   2 |  588.5 |
       Dungeon |   1177 |   1177 |      0 |     61 |     25 |   2 |  588.5 |
               +--------+--------+--------+--------+--------+-----+--------+

Top non-repeatable levels by time:
     D:1: 1014 daAuts
     D:2: 163 daAuts
